Map: Cerulean Fall LE

Players

Scarlett

  • Race: Zerg Zerg
  • Spawn Location: 1:00

Harstem - Winner!

  • Race: Protoss Protoss
  • Spawn Location: 7:00

Event: WCS Montreal 2018

VOD

Have the link to the VOD?

Description

Time

  • Played on: Sept. 7, 2018, 8:19 p.m.
  • Length: 4:09

All games in this series

Show
View Real Time Build Order
Export as new Build Order

Scarlett Zerg 

Build Orders: Hatch First 

Get SALT Encoding   

  12  0:00  Drone  
  13  0:13  Overlord  
  13  0:17  Drone  
  14  0:31  Drone x2  
  16  0:48  Hatchery  
  15  0:51  Drone  
  15  0:55  Drone  
  17  0:59  Drone  
  18  1:10  Extractor  
  17  1:14  Spawning Pool  
  17  1:18  Drone  
  17  1:22  Drone  
  18  1:38  Drone  
  19  1:47  Hatchery  
  18  1:57  Drone  
  18  2:00  Queen  
  21  2:04  Zergling x2  
  22  2:13  Zergling x4  
  24  2:16  Metabolic Boost  
  24  2:20  Zergling x2  
  25  2:27  Spine Crawler  
  24  2:33  Spine Crawler  
  23  2:42  Spine Crawler  
  21  2:45  Zergling x2  
  21  2:50  Overlord  
  22  2:53  Zergling x2  
  22  2:56  Zergling x2  
  24  2:59  Zergling x2  
  24  3:02  Zergling x2  
  26  3:07  Zergling x2  
  27  3:16  Zergling x6  
  29  3:21  Zergling x2  
  30  3:27  Zergling x2  
  30  3:30  Zergling x2  
  30  3:31  Zergling x2  
  26  3:40  Zergling x2  
  24  3:43  Zergling x2  
  26  3:52  Zergling x2  
Show
View Real Time Build Order
Export as new Build Order

Harstem Protoss - Winner!

Build Orders:  

Get SALT Encoding   

  12  0:00  Probe  
  13  0:13  Probe  
  14  0:18  Pylon  
  14  0:24  Probe  
  15  0:33  Probe  
  15  0:40  Forge  
  15  0:41  Probe  
  17  0:51  Probe  
  18  1:06  Pylon  
  18  1:10  Pylon  
  18  1:11  Pylon  
  18  1:25  Gateway  
  18  1:27  Photon Cannon  
  18  1:30  Probe  
  19  1:33  Pylon  
  19  1:36  Pylon  
  19  1:40  Assimilator  
  19  1:43  Probe  
  20  1:50  Photon Cannon  
  20  1:56  Probe  
  20  1:59  Gateway  
  21  2:12  Cybernetics Core  
  21  2:17  Photon Cannon  
  21  2:36  Pylon  
  21  2:38  Probe  
  21  2:40  Stalker x2  
  26  2:55  Shield Battery  
  26  3:00  Shield Battery  
  26  3:07  Shield Battery  
  26  3:08  Stalker  
  28  3:19  Shield Battery  
  28  3:32  Stalker x2  
  32  3:45  Shield Battery  
  30  3:58  Shield Battery x2  
Tags
 
Add a new tag
Caveats
  • Supply blocks, unpowered buildings, or Contaminate may cause inaccurate times.
  • Supply counts are checked every 10 seconds.